 Dungeon Crawl Stone Soup version 0.31-a0-1074-g0b22e4e0f1 (webtiles) character file.

Game seed: 16579669039598050881

46 Gelion the Insei (level 3, 0/24 HPs)
             Began as an Octopode Shapeshifter on Nov 28, 2023.
             Succumbed to an adder's poison
             ... on level 2 of the Dungeon.
             The game lasted 00:01:25 (711 turns).

Gelion the Insei (Octopode Shapeshifter)             Turns: 711, Time: 00:01:26

Health: 0/24       AC:  1    Str: 13    XL:     3   Next: 66%
Magic:  3/3        EV: 13    Int: 12    God:
Gold:   49         SH:  0    Dex: 13    Spells: 2/2 levels left

rFire   + .          .
                       - Unarmed
rCold   + . .        (no shield)
rNeg    . . .        (helmet currently unavailable)
rPois   +            (no amulet)
rElec   +            (no ring)
rCorr   +            (no ring)
SInv    .            (no ring)
Will    .....        (no ring)
Stlth   ++           (no ring)
HPRegen 0.24/turn    (no ring)
MPRegen 0.08/turn    (no ring)
                     (no ring)

%: no passive effects
@: lethally poisoned (0 -> -1), beast-form, resistant
A: beast (slay +1), almost no armour, amphibious, 8 rings, camouflage 1,
gelatinous body 1, (nimble swimmer 1), tentacles, no potion heal 1
a: Begin Untransformation


You were on level 2 of the Dungeon.
You were a hulking beast.
You visited 1 branch of the dungeon, and saw 2 of its levels.

You collected 49 gold pieces.

Inventory:

Missiles
 j - 8 poisoned darts
Talismans
 b - a beast talisman
 c - a flux talisman
Wands
 m - a wand of quicksilver (10)
Scrolls
 e - a scroll of vulnerability {unknown}
 g - 2 scrolls of teleportation {unknown}
 i - a scroll of blinking {unknown}
 k - a scroll of silence {unknown}
Potions
 a - 2 potions of lignification
 h - a potion of curing {unknown}
 l - a potion of berserk rage {unknown}
 n - 2 potions of brilliance {unknown}


   Skills:
 + Level 1.8 Fighting
 - Level 2.0 Dodging
 * Level 3.8 Unarmed Combat
 + Level 3.3 Shapeshifting


You had 2 spell levels left.
You didn't know any spells.
Your spell library was empty.

Dungeon Overview and Level Annotations

Branches:
Dungeon (2/15)

Altars:

Shops:
D:1 *


Innate Abilities, Weirdness & Mutations

You are a hulking beast.
Your limbs bulge with bestial killing power. (Slay +1)
You cannot wear most types of armour.
You are amphibious.
You can wear up to eight rings at the same time.
Your skin changes colour to match your surroundings (Stealth+).
Your rubbery body absorbs attacks. (AC +1, EV +1)
((You are camouflaged when in or above water. (Stealth+)))
You have tentacles for arms and can constrict up to eight enemies at once.
Potions are less effective at restoring your health.


Message History

The goblin hits you with a +0 club.
You tentacle-slap the adder. You grab the adder. You tentacle-slap the adder.
The adder is severely wounded.
You constrict the adder. The adder bites you. The goblin closely misses you.
The adder closely misses you.
You tentacle-slap the adder.
You kill the adder!
The goblin hits you with a +0 club. The adder bites you.
You bludgeon the adder! Your grab misses the adder.
The adder is severely wounded.
The goblin hits you with a +0 club. The adder bites you.
You are too injured to fight recklessly!
You are too injured to fight recklessly!
You closely miss the adder. You grab the adder. You squeeze the adder.
The adder is almost dead.
You constrict the adder, but do no damage.
The adder bites you.
* * * LOW HITPOINT WARNING * * *
You are poisoned.
The adder poisons you! The goblin barely misses you.
You tentacle-slap the adder.
You kill the adder!
You feel sick. The goblin hits you with a +0 club.
* * * LOW HITPOINT WARNING * * *
You barely miss the goblin. You grab the goblin. You constrict the goblin.
The goblin misses you.
You tentacle-slap the goblin.
You kill the goblin!
* * * LOW HITPOINT WARNING * * *
You feel sick.
* * * LOW HITPOINT WARNING * * *
You feel sick.
You see here a +0 club.
It was a potion of resistance.
You feel protected.
* * * LOW HITPOINT WARNING * * *
You feel sick.
It was a potion of mutation.
You feel extremely strange.
Your system partially rejects the healing effects of potions.
You die...

..#
#...............#
###
######...#.####.#
##.##.# #.# #.##.#
#.# # ###.##.# #.#
#. #...##.# #.# #.
#.####.# #.#
#.###.#†####.####.#
#...(.h..........#
..#..........######
##.#..###### ##.$.#
#.#### #.# #.# #.


There were no monsters in sight!

Vanquished Creatures
  2 adders (D:2)
  A dart slug (D:2)
  An endoplasm (D:1)
  2 giant cockroaches (D:1)
  2 hobgoblins (D:1)
  3 quokkas (D:1)
  A ball python (D:1)
  4 bats (D:1)
  2 frilled lizards
  2 goblins
  2 kobolds
  4 rats
26 creatures vanquished.

Notes
Turn   | Place    | Note
-------+----------+-------------------------------------------
     0 | D:1      | Gelion the Octopode Shapeshifter began the quest for the
                  | Orb.
     0 | D:1      | Reached XP level 1. HP: 13/13 MP: 1/1
   187 | D:1      | Reached XP level 2. HP: 18/18 MP: 2/2
   340 | D:1      | Found Hafiles's Assorted Antiques.
   597 | D:2      | Reached XP level 3. HP: 23/23 MP: 3/3
   709 | D:2      | HP: 1/24 [poisoned by an adder]
   711 | D:2      | Gained mutation: Potions are less effective at restoring
                  | your health. [potion of mutation]
   711 | D:2      | Succumbed to an adder's poison

Illustrated notes

Levels and vault maps discovered:
D:1:      wheals_arrival_shading, layout_rooms, serial_shops, shop,
          minmay_small_reverse_x
D:2:      layout_loops_ring, uniq_jessica

Action                     || total
---------------------------++-------
  Melee: Unarmed           ||    43
         Tentacles         ||    11
         Constrict         ||    13
         Punch             ||     2
    Use: Potion            ||     2
   Stab: Sleeping          ||     3
 Armour: Skin              ||    13
  Dodge: Dodged            ||    25

Table legend: (Time is in decaauts)
 A = Elapsed time spent in this place.
 B = Non-inter-level travel time spent in this place.
 C = Inter-level travel time spent in this place.
 D = Time resting spent in this place.
 E = Time spent auto-exploring this place.
 F = Levels seen in this place.
 G = Mean time per level.
                   A        B        C        D        E       F      G
               +--------+--------+--------+--------+--------+-----+--------+
         Total |    708 |    687 |     21 |      0 |    562 |   2 |  354.0 |
       Dungeon |    708 |    687 |     21 |      0 |    562 |   2 |  354.0 |
               +--------+--------+--------+--------+--------+-----+--------+

Top non-repeatable levels by time:
     D:1: 559 daAuts
     D:2: 148 daAuts
